%YAML 1.1
%TAG !u! tag:unity3d.com,2011:
--- !u!1 &7681165254337958906
GameObject:
  m_ObjectHideFlags: 0
  m_CorrespondingSourceObject: {fileID: 0}
  m_PrefabInstance: {fileID: 0}
  m_PrefabAsset: {fileID: 0}
  serializedVersion: 6
  m_Component:
  - component: {fileID: 5752483801419855577}
  m_Layer: 8
  m_Name: Wall
  m_TagString: Untagged
  m_Icon: {fileID: 0}
  m_NavMeshLayer: 0
  m_StaticEditorFlags: 0
  m_IsActive: 1
--- !u!4 &5752483801419855577
Transform:
  m_ObjectHideFlags: 0
  m_CorrespondingSourceObject: {fileID: 0}
  m_PrefabInstance: {fileID: 0}
  m_PrefabAsset: {fileID: 0}
  m_GameObject: {fileID: 7681165254337958906}
  m_LocalRotation: {x: 0, y: 0, z: 0, w: 1}
  m_LocalPosition: {x: 17.38, y: 0, z: 1.21}
  m_LocalScale: {x: 1, y: 1, z: 1}
  m_Children:
  - {fileID: 7174246459887141422}
  - {fileID: 9128530025993416515}
  - {fileID: 2216346152667037440}
  m_Father: {fileID: 0}
  m_RootOrder: 0
  m_LocalEulerAnglesHint: {x: 0, y: 0, z: 0}
--- !u!1001 &96441929394813953
PrefabInstance:
  m_ObjectHideFlags: 0
  serializedVersion: 2
  m_Modification:
    m_TransformParent: {fileID: 5752483801419855577}
    m_Modifications:
    - target: {fileID: 2275631149302825729, guid: cc55393986bef4d3a8307ae8b90d9e96,
        type: 3}
      propertyPath: m_RootOrder
      value: 2
      objectReference: {fileID: 0}
    - target: {fileID: 2275631149302825729, guid: cc55393986bef4d3a8307ae8b90d9e96,
        type: 3}
      propertyPath: m_LocalPosition.x
      value: 0
      objectReference: {fileID: 0}
    - target: {fileID: 2275631149302825729, guid: cc55393986bef4d3a8307ae8b90d9e96,
        type: 3}
      propertyPath: m_LocalPosition.y
      value: 0
      objectReference: {fileID: 0}
    - target: {fileID: 2275631149302825729, guid: cc55393986bef4d3a8307ae8b90d9e96,
        type: 3}
      propertyPath: m_LocalPosition.z
      value: 0
      objectReference: {fileID: 0}
    - target: {fileID: 2275631149302825729, guid: cc55393986bef4d3a8307ae8b90d9e96,
        type: 3}
      propertyPath: m_LocalRotation.w
      value: 0.7071068
      objectReference: {fileID: 0}
    - target: {fileID: 2275631149302825729, guid: cc55393986bef4d3a8307ae8b90d9e96,
        type: 3}
      propertyPath: m_LocalRotation.x
      value: -0
      objectReference: {fileID: 0}
    - target: {fileID: 2275631149302825729, guid: cc55393986bef4d3a8307ae8b90d9e96,
        type: 3}
      propertyPath: m_LocalRotation.y
      value: -0.7071068
      objectReference: {fileID: 0}
    - target: {fileID: 2275631149302825729, guid: cc55393986bef4d3a8307ae8b90d9e96,
        type: 3}
      propertyPath: m_LocalRotation.z
      value: -0
      objectReference: {fileID: 0}
    - target: {fileID: 2275631149302825729, guid: cc55393986bef4d3a8307ae8b90d9e96,
        type: 3}
      propertyPath: m_LocalEulerAnglesHint.x
      value: 0
      objectReference: {fileID: 0}
    - target: {fileID: 2275631149302825729, guid: cc55393986bef4d3a8307ae8b90d9e96,
        type: 3}
      propertyPath: m_LocalEulerAnglesHint.y
      value: -90
      objectReference: {fileID: 0}
    - target: {fileID: 2275631149302825729, guid: cc55393986bef4d3a8307ae8b90d9e96,
        type: 3}
      propertyPath: m_LocalEulerAnglesHint.z
      value: 0
      objectReference: {fileID: 0}
    - target: {fileID: 6421693393088177703, guid: cc55393986bef4d3a8307ae8b90d9e96,
        type: 3}
      propertyPath: m_Name
      value: Wall12 (1)
      objectReference: {fileID: 0}
    m_RemovedComponents: []
  m_SourcePrefab: {fileID: 100100000, guid: cc55393986bef4d3a8307ae8b90d9e96, type: 3}
--- !u!4 &2216346152667037440 stripped
Transform:
  m_CorrespondingSourceObject: {fileID: 2275631149302825729, guid: cc55393986bef4d3a8307ae8b90d9e96,
    type: 3}
  m_PrefabInstance: {fileID: 96441929394813953}
  m_PrefabAsset: {fileID: 0}
--- !u!1001 &7888658976492191839
PrefabInstance:
  m_ObjectHideFlags: 0
  serializedVersion: 2
  m_Modification:
    m_TransformParent: {fileID: 5752483801419855577}
    m_Modifications:
    - target: {fileID: 1334295600580035087, guid: bfbe2d0ef9f1b4132a79fecec88405c3,
        type: 3}
      propertyPath: m_Name
      value: WallIntersection2
      objectReference: {fileID: 0}
    - target: {fileID: 1334295600580035087, guid: bfbe2d0ef9f1b4132a79fecec88405c3,
        type: 3}
      propertyPath: m_Layer
      value: 8
      objectReference: {fileID: 0}
    - target: {fileID: 1429092688494374684, guid: bfbe2d0ef9f1b4132a79fecec88405c3,
        type: 3}
      propertyPath: m_RootOrder
      value: 1
      objectReference: {fileID: 0}
    - target: {fileID: 1429092688494374684, guid: bfbe2d0ef9f1b4132a79fecec88405c3,
        type: 3}
      propertyPath: m_LocalPosition.x
      value: 0.19
      objectReference: {fileID: 0}
    - target: {fileID: 1429092688494374684, guid: bfbe2d0ef9f1b4132a79fecec88405c3,
        type: 3}
      propertyPath: m_LocalPosition.y
      value: -0.625
      objectReference: {fileID: 0}
    - target: {fileID: 1429092688494374684, guid: bfbe2d0ef9f1b4132a79fecec88405c3,
        type: 3}
      propertyPath: m_LocalPosition.z
      value: 0.03
      objectReference: {fileID: 0}
    - target: {fileID: 1429092688494374684, guid: bfbe2d0ef9f1b4132a79fecec88405c3,
        type: 3}
      propertyPath: m_LocalRotation.w
      value: 0.7032707
      objectReference: {fileID: 0}
    - target: {fileID: 1429092688494374684, guid: bfbe2d0ef9f1b4132a79fecec88405c3,
        type: 3}
      propertyPath: m_LocalRotation.x
      value: 0
      objectReference: {fileID: 0}
    - target: {fileID: 1429092688494374684, guid: bfbe2d0ef9f1b4132a79fecec88405c3,
        type: 3}
      propertyPath: m_LocalRotation.y
      value: -0.7109222
      objectReference: {fileID: 0}
    - target: {fileID: 1429092688494374684, guid: bfbe2d0ef9f1b4132a79fecec88405c3,
        type: 3}
      propertyPath: m_LocalRotation.z
      value: 0
      objectReference: {fileID: 0}
    - target: {fileID: 1429092688494374684, guid: bfbe2d0ef9f1b4132a79fecec88405c3,
        type: 3}
      propertyPath: m_LocalEulerAnglesHint.x
      value: 0
      objectReference: {fileID: 0}
    - target: {fileID: 1429092688494374684, guid: bfbe2d0ef9f1b4132a79fecec88405c3,
        type: 3}
      propertyPath: m_LocalEulerAnglesHint.y
      value: -90.62
      objectReference: {fileID: 0}
    - target: {fileID: 1429092688494374684, guid: bfbe2d0ef9f1b4132a79fecec88405c3,
        type: 3}
      propertyPath: m_LocalEulerAnglesHint.z
      value: 0
      objectReference: {fileID: 0}
    m_RemovedComponents: []
  m_SourcePrefab: {fileID: 100100000, guid: bfbe2d0ef9f1b4132a79fecec88405c3, type: 3}
--- !u!4 &9128530025993416515 stripped
Transform:
  m_CorrespondingSourceObject: {fileID: 1429092688494374684, guid: bfbe2d0ef9f1b4132a79fecec88405c3,
    type: 3}
  m_PrefabInstance: {fileID: 7888658976492191839}
  m_PrefabAsset: {fileID: 0}
--- !u!1001 &8936444984814403887
PrefabInstance:
  m_ObjectHideFlags: 0
  serializedVersion: 2
  m_Modification:
    m_TransformParent: {fileID: 5752483801419855577}
    m_Modifications:
    - target: {fileID: 2275631149302825729, guid: cc55393986bef4d3a8307ae8b90d9e96,
        type: 3}
      propertyPath: m_RootOrder
      value: 0
      objectReference: {fileID: 0}
    - target: {fileID: 2275631149302825729, guid: cc55393986bef4d3a8307ae8b90d9e96,
        type: 3}
      propertyPath: m_LocalPosition.x
      value: 0
      objectReference: {fileID: 0}
    - target: {fileID: 2275631149302825729, guid: cc55393986bef4d3a8307ae8b90d9e96,
        type: 3}
      propertyPath: m_LocalPosition.y
      value: 0
      objectReference: {fileID: 0}
    - target: {fileID: 2275631149302825729, guid: cc55393986bef4d3a8307ae8b90d9e96,
        type: 3}
      propertyPath: m_LocalPosition.z
      value: 2.995
      objectReference: {fileID: 0}
    - target: {fileID: 2275631149302825729, guid: cc55393986bef4d3a8307ae8b90d9e96,
        type: 3}
      propertyPath: m_LocalRotation.w
      value: 0.7071068
      objectReference: {fileID: 0}
    - target: {fileID: 2275631149302825729, guid: cc55393986bef4d3a8307ae8b90d9e96,
        type: 3}
      propertyPath: m_LocalRotation.x
      value: -0
      objectReference: {fileID: 0}
    - target: {fileID: 2275631149302825729, guid: cc55393986bef4d3a8307ae8b90d9e96,
        type: 3}
      propertyPath: m_LocalRotation.y
      value: -0.7071068
      objectReference: {fileID: 0}
    - target: {fileID: 2275631149302825729, guid: cc55393986bef4d3a8307ae8b90d9e96,
        type: 3}
      propertyPath: m_LocalRotation.z
      value: -0
      objectReference: {fileID: 0}
    - target: {fileID: 2275631149302825729, guid: cc55393986bef4d3a8307ae8b90d9e96,
        type: 3}
      propertyPath: m_LocalEulerAnglesHint.x
      value: 0
      objectReference: {fileID: 0}
    - target: {fileID: 2275631149302825729, guid: cc55393986bef4d3a8307ae8b90d9e96,
        type: 3}
      propertyPath: m_LocalEulerAnglesHint.y
      value: -90
      objectReference: {fileID: 0}
    - target: {fileID: 2275631149302825729, guid: cc55393986bef4d3a8307ae8b90d9e96,
        type: 3}
      propertyPath: m_LocalEulerAnglesHint.z
      value: 0
      objectReference: {fileID: 0}
    - target: {fileID: 6421693393088177703, guid: cc55393986bef4d3a8307ae8b90d9e96,
        type: 3}
      propertyPath: m_Name
      value: Wall12
      objectReference: {fileID: 0}
    m_RemovedComponents: []
  m_SourcePrefab: {fileID: 100100000, guid: cc55393986bef4d3a8307ae8b90d9e96, type: 3}
--- !u!4 &7174246459887141422 stripped
Transform:
  m_CorrespondingSourceObject: {fileID: 2275631149302825729, guid: cc55393986bef4d3a8307ae8b90d9e96,
    type: 3}
  m_PrefabInstance: {fileID: 8936444984814403887}
  m_PrefabAsset: {fileID: 0}
